 Dungeon Crawl Stone Soup version 0.21.1-1-g345015f (webtiles) character file.

165 Lovchig the Covered (level 5, -2/49 HPs)
             Began as a Deep Dwarf Fighter on June 15, 2018.
             Killed by divine providence
             ... invoked by an orc priest
              (14 damage)
             ... on level 3 of the Dungeon.
             The game lasted 00:05:52 (1716 turns).

Lovchig the Covered (Deep Dwarf Fighter)            Turns: 1716, Time: 00:05:53

Health: -2/49      AC:  8    Str: 20    XL:     5   Next: 22%
Magic:  3/3        EV: 11    Int:  9    God:
Gold:   138        SH:  9    Dex: 12    Spells: 4/4 levels left

rFire    . . .     SeeInvis .   a - +0 war axe
rCold    . . .     Gourm    .   c - +0 shield
rNeg     . . .     Faith    .   b - +0 scale mail
rPois    .         Spirit   .   p - +0 helmet
rElec    .         Reflect  .   (no cloak)
rCorr    .         Harm     .   (no gloves)
MR       .....                  (no boots)
Stlth    ..........             (no amulet)
HPRegen  0.00/turn              e - +3 ring of evasion
MPRegen  0.08/turn              (no ring)

@: non-regenerating
A: damage resistance, heal wounds, sense surroundings 1, no regeneration
a: Heal Wounds


You were on level 3 of the Dungeon.
You were not hungry.

You visited 1 branch of the dungeon, and saw 3 of its levels.

You collected 138 gold pieces.

Inventory:

Hand Weapons
 a - a +0 war axe (weapon)
Armour
 b - a +0 scale mail (worn)
 c - a +0 shield (worn)
 p - a +0 helmet (worn)
Jewellery
 e - a +3 ring of evasion (left hand)
Wands
 m - a wand of acid (8)
Scrolls
 j - a scroll of identify
 k - 2 scrolls of remove curse {unknown}
 n - 2 scrolls of teleportation {unknown}
 r - a scroll of fog {unknown}
Potions
 d - a potion of might
 h - 2 potions of brilliance
 i - 2 potions of heal wounds
 l - a potion of cancellation {unknown}
 o - a potion of curing {unknown}
 q - a potion of berserk rage {unknown}
Comestibles
 f - 3 rations
 g - 14 chunks of flesh


   Skills:
 * Level 3.2 Fighting
 * Level 3.9 Axes
 * Level 4.1 Armour
 * Level 1.5 Dodging
 * Level 4.1 Shields


You had 4 spell levels left.
You didn't know any spells.

Dungeon Overview and Level Annotations

Branches:
Dungeon (3/15)

Altars:


Innate Abilities, Weirdness & Mutations

You are resistant to damage.
You can heal yourself by infusing magical energy.
You passively map a small area around you.
You do not regenerate.


Message History

You hit the orc priest.
The orc priest is moderately wounded.
You hit the orc. You hit the orc but do no damage. You completely miss the orc.
You block the orc's attack. The orc barely misses you.
The orc hits you but does no damage.
The orc priest hits you but does no damage.
You block the orc's attack.
You barely miss the orc priest.
The orc priest is moderately wounded.
You hit the orc. You hit the orc but do no damage. You slash the orc!
You kill the orc!
The orc completely misses you. The orc barely misses you.
The orc priest invokes the aid of Beogh against you.
Pain shoots through your body!
* * * LOW HITPOINT WARNING * * *
The orc hits you with a short sword.
* * * LOW HITPOINT WARNING * * *
The orc priest calls down the wrath of Beogh upon you.
Beogh smites you!
You die...

> , , , #.. * ** .. #..
*...#. ... ..#.o#* #.#
...#o. #w# * #..#.#*
#.#*,*
#..#.#####o##.### *,
#..#..).†o@o....#
#(.#..####o.......
##..#..# ##.#...##
######...#..#####.#*<.#
#.................##..#
#.####............##..#
#.######.#..#####.##..#
............#####.##..#
###.#####..........#..#


You could see a worm, an orc priest and 3 orcs.

Vanquished Creatures
  Robin (D:2)
  3 adders
  7 gnolls (D:3)
  A worm (D:3)
  A leopard gecko (D:1)
  6 orcs (D:3)
  3 giant cockroaches
  10 goblins
  3 hobgoblins
  3 kobolds
  A quokka (D:2)
  6 bats
  3 frilled lizards
  7 rats
55 creatures vanquished.

Notes
Turn   | Place    | Note
-------+----------+-------------------------------------------
     0 | D:1      | Lovchig the Deep Dwarf Fighter began the quest for the Orb.
     0 | D:1      | Reached XP level 1. HP: 20/20 MP: 1/1
   230 | D:1      | Reached XP level 2. HP: 27/27 MP: 2/2
   924 | D:2      | Reached XP level 3. HP: 30/33 MP: 3/3
  1177 | D:2      | Reached skill level 1 in Dodging
  1218 | D:2      | Noticed Robin
  1232 | D:2      | Killed Robin
  1501 | D:3      | Reached XP level 4. HP: 15/42 MP: 4/4
  1653 | D:3      | Reached XP level 5. HP: 24/49 MP: 4/4
  1716 | D:3      | Killed from afar by an orc priest

Skill      XL: |  1  2  3  4 |
---------------+-------------+-----
Dodging        | 1 |  1.5
Fighting       | 3 |  3.2
Axes           | 3 |  3.9
Armour         | 4 |  4.1
Shields        | 4 |  4.1

Action                   |  1- 3 |  4- 6 || total
-------------------------+-------+-------++-------
Melee: War axe           |   111 |    74 ||   185
 Abil: Heal Wounds       |       |     4 ||     4
  Use: Scroll            |     5 |       ||     5
  Eat: Chunk             |     2 |     1 ||     3
Armor: Scale mail        |    38 |    41 ||    79
Dodge: Dodged            |    56 |    59 ||   115
Block: Shield            |    59 |    74 ||   133
